 Dungeon Crawl Stone Soup version 0.31-a0-845-g9abc20d24f (webtiles) character file.

Game seed: 13410063627832493492

2281580 PaleRider the Phalangite (level 27, 224/224 HPs)
             Began as a Merfolk Fighter on Sept 28, 2023.
             Was the Champion of Cheibriados.
             Escaped with the Orb
             ... and 4 runes on Oct 2, 2023!
             The game lasted 05:20:48 (71285 turns).

PaleRider the Phalangite (Merfolk Fighter)         Turns: 71285, Time: 05:20:48

Health: 224/224    AC: 34    Str: 48      XL:     27
Magic:  37/37      EV: 25    Int: 21 (23) God:    Cheibriados [******]
Gold:   5096       SH: 21    Dex: 39      Spells: 22/46 levels left

rFire   + + .        r - +9 demon trident (vamp)
rCold   + + +        t - +4 kite shield of the Nexus {Slay+6 Stlth+}
rNeg    + + .        f - +11 gold dragon scales
rPois   +            E - -2 hat of the Alchemist {rElec rPois rF+ rC+ rN+ Will+ rMut rCorr}
rElec   +            x - scarf "Vyutheb" {repulsion, rN+ Str+4}
rCorr   +            y - +0 pair of fencer's gloves {Riposte Dex+3}
SInv    +            w - +2 pair of boots of the Blue Moon {*Slow rPois Regen+ Str+2}
Will    +++++        Y - amulet "Egouzo Meeti" {RegenMP rPois Str+2} Stlth
                     M - ring "Diph" {Will+ Slay+2}
HPRegen 1.37/turn    L - ring "Kouf" {rC+ Will+ Dex+3 SInv}
MPRegen 0.65/turn

%: slow self (1%), repel missiles, resist mutation
@: very slow
A: (nimble swimmer 2), mertail
0: Orb of Zot
}: 4/15 runes: decaying, slimy, silver, gossamer
a: Renounce Religion, Bend Time, Temporal Distortion, Slouch, Step From Time


You escaped.
You worshipped Cheibriados.
Cheibriados was exalted by your worship.
You visited 11 branches of the dungeon, and saw 53 of its levels.
You also visited: Trove, Sewer, Gauntlet and Ice Cave.

You collected 8219 gold pieces.
You spent 3123 gold pieces at shops.

Inventory:

Hand Weapons
 r - a +9 vampiric demon trident (weapon)
Missiles
 b - 27 curare-tipped darts
 d - 50 poisoned darts
 v - 6 throwing nets
 J - 22 javelins
 S - 3 silver javelins (quivered)
 W - 22 boomerangs
Armour
 f - +11 gold dragon scales (worn)
 k - the +0 plate armour of Cheibriados's Outrage {Harm Regen+ Str+4 Stlth+}
   (You found it on level 3 of the Elven Halls)

   Str+4:     It affects your strength (+4).
   Regen+:    It increases your rate of health regeneration.
   Harm:      It increases damage dealt and taken.
   Stlth+:    It makes you more stealthy.
 m - the +1 helmet "Olaaqeta" {rF++ Str+4 Int-3}
   (You found it in a treasure trove)

   Str+4:     It affects your strength (+4).
   Int-3:     It affects your intelligence (-3).
   rF++:      It greatly protects you from fire.
 t - the +4 kite shield of the Nexus (worn) {Slay+6 Stlth+}
   (You acquired it on level 2 of the Orcish Mines)

   Slay+6:    It affects your accuracy & damage with ranged weapons and melee
   (+6).
   Stlth+:    It makes you more stealthy.
 w - the +2 pair of boots of the Blue Moon (worn) {*Slow rPois Regen+ Str+2}
   (You found it on level 5 of the Pits of Slime)

   Str+2:     It affects your strength (+2).
   rPois:     It protects you from poison Regen+: It increases your rate of
   health regeneration.
   *Slow:     It may slow you when you take damage.
 x - the scarf "Vyutheb" (worn) {repulsion, rN+ Str+4}
   (You found it in a treasure trove)

   Str+4:     It affects your strength (+4).
   rN+:       It protects you from negative energy.
 y - the +0 pair of fencer's gloves (worn) {Riposte Dex+3}
   (You acquired it on level 4 of the Dungeon)

   Riposte:   It allows the wearer to riposte with melee weapons, swiftly
   retaliating against missed or blocked melee attacks.
   Dex+3:     It affects your dexterity (+3).
 E - the -2 hat of the Alchemist (worn) {rElec rPois rF+ rC+ rN+ Will+ rMut rCorr}
   (You found it in a treasure trove)

   rF+:       It protects you from fire.
   rC+:       It protects you from cold.
   rElec:     It insulates you from electricity.
   rPois:     It protects you from poison rN+: It protects you from negative
   energy.
   Will+:     It increases your willpower.
   rCorr:     It protects you from acid and corrosion.
   rMut:      It protects you from mutation.
Jewellery
 j - the ring "Weotaf" {rCorr Int+4}
   (You found it on level 3 of the Depths)

   [ring of resist corrosion]

   Int+4:     It affects your intelligence (+4).
   rCorr:     It protects you from acid and corrosion.
 z - a +6 ring of strength
 C - the ring "Wececaeq" {EV+5 Int+3}
   (You found it on level 3 of the Depths)

   [ring of evasion]

   EV+5:      It affects your evasion (+5).
   Int+3:     It affects your intelligence (+3).
 F - a ring of the Octopus King {Fly HP+2 AC+2 EV+2 SH+2}
   (You found it on level 4 of the Lair of Beasts)

   [ring of flight]

   AC+2:      It affects your AC (+2).
   EV+2:      It affects your evasion (+2).
   HP+2:      It affects your health (+2).
   Fly:       It grants you flight.
   SH+2:      It affects your SH (+2).
 L - the ring "Kouf" (right hand) {rC+ Will+ Dex+3 SInv}
   (You found it on level 12 of the Dungeon)

   [ring of protection from cold]

   Dex+3:     It affects your dexterity (+3).
   rC+:       It protects you from cold.
   Will+:     It increases your willpower.
   SInv:      It lets you see invisible.
 M - the ring "Diph" (left hand) {Will+ Slay+2}
   (You found it on level 3 of the Depths)

   [ring of willpower]

   Slay+2:    It affects your accuracy & damage with ranged weapons and melee
   (+2).
   Will+:     It increases your willpower.
 Q - the ring "Zalo" {rElec MP+9 AC+4 Int-5 Dex+3}
   (You found it on level 3 of the Elven Halls)

   [ring of protection]

   AC+4:      It affects your AC (+4).
   Int-5:     It affects your intelligence (-5).
   Dex+3:     It affects your dexterity (+3).
   rElec:     It insulates you from electricity.
   MP+9:      It affects your magic capacity (+9).
 T - the ring of Hextuf {rN+ Int+4 Stlth+}
   (You found it on level 3 of the Depths)

   [ring of positive energy]

   Int+4:     It affects your intelligence (+4).
   rN+:       It protects you from negative energy.
   Stlth+:    It makes you more stealthy.
 Y - the amulet "Egouzo Meeti" (around neck) {RegenMP rPois Str+2}
   (You found it on level 10 of the Dungeon)

   [amulet of magic regeneration]

   RegenMP:   It increases your rate of magic regeneration.
   Str+2:     It affects your strength (+2).
   rPois:     It protects you from poison
Wands
 u - a wand of digging (32)
 G - a wand of charming (54)
 H - a wand of roots (44)
 N - a wand of polymorph (63)
 X - a wand of acid (27)
Scrolls
 h - 5 scrolls of enchant weapon
 l - 12 scrolls of fog
 o - 17 scrolls of teleportation
 q - 4 scrolls of revelation
 s - a scroll of summoning
 A - 11 scrolls of vulnerability
 B - 2 scrolls of silence
 D - 5 scrolls of blinking
 I - 5 scrolls of immolation
 O - 13 scrolls of poison
Potions
 e - 3 potions of resistance
 g - 7 potions of enlightenment
 i - 12 potions of heal wounds
 n - 6 potions of mutation
 p - 2 potions of brilliance
 P - 4 potions of might
 R - 26 potions of curing
 U - 4 potions of invisibility
 V - 9 potions of attraction
 Z - 8 potions of lignification
Miscellaneous
 a - a lightning rod (4/4)
 c - a phantom mirror
 K - a phial of floods


   Skills:
 - Level 20.0 Fighting
 + Level 24.6 Polearms
 - Level 10.0 Throwing
 - Level 15.0 Armour
 - Level 13.9 Dodging
 - Level 6.9 Stealth
 - Level 12.0 Shields
 - Level 10.0 Spellcasting
 - Level 12.7 Hexes
 - Level 15.0 Summonings
 - Level 14.3 Translocations
 - Level 10.0 Ice Magic
 - Level 10.0 Air Magic
 - Level 10.6 Invocations
 - Level 9.1 Evocations


You had 22 spell levels left.
You knew the following spells:

 Your Spells              Type           Power      Damage    Failure   Level
a - Blink                 Tloc           100%       N/A       1%          2
b - Summon Mana Viper     Hex/Summ       62%        N/A       4%          5
c - Vhi's Electric Charg  Tloc/Air       100%       N/A       3%          4
d - Apportation           Tloc           100%       N/A       1%          1
f - Summon Forest         Summ/Tloc      32%        N/A       3%          5
r - Frozen Ramparts       Ice            100%       1d16      2%          3
s - Passage of Golubria   Tloc           63%        N/A       1%          4

Your spell library contained the following spells:

 Spells                   Type           Power      Damage    Failure   Level
 Freeze                   Ice            100%       1d10      1%          1
 Slow                     Hex            100%       N/A       1%          1
 Summon Small Mammal      Summ           100%       N/A       1%          1
 Ensorcelled Hibernation  Hex/Ice        100%       N/A       1%          2
 Jinxbite                 Hex            100%       N/A       1%          2
 Lesser Beckoning         Tloc           100%       N/A       1%          2
 Call Canine Familiar     Summ           65%        N/A       1%          3
 Confusing Touch          Hex            59%        N/A       1%          3
 Gell's Gravitas          Tloc           63%        N/A       1%          3
 Sigil of Binding         Hex            59%        N/A       1%          3
 Summon Guardian Golem    Hex/Summ       62%        N/A       1%          3
 Teleport Other           Tloc           63%        N/A       1%          3
 Tukima's Dance           Hex            59%        N/A       1%          3
 Dimensional Bullseye     Hex/Tloc       30%        N/A       1%          4
 Ozocubu's Armour         Ice            51%        N/A       2%          3
 Cause Fear               Hex            29%        N/A       2%          4
 Summon Ice Beast         Ice/Summ       58%        N/A       3%          4
 Momentum Strike          Conj/Tloc      80%        3d10      4%          2
 Poisonous Vapours        Pois/Air       62%        N/A       10%         2
 Metabolic Englaciation   Hex/Ice        27%        N/A       13%         5
 Silence                  Hex/Air        27%        N/A       13%         5
 Summon Cactus Giant      Summ           32%        N/A       16%         6
 Hailstorm                Conj/Ice       31%        3d8       19%         3
 Dispersal                Tloc           31%        N/A       22%         6
 Iskenderun's Mystic Bla  Conj/Tloc      40%        2d9       26%         4
 Anguish                  Hex/Necr       18%        N/A       36%         4
 Foxfire                  Conj/Fire      40%        2x1d6     45%         1
 Sting                    Tmut/Pois      40%        1d5       45%         1
 Scorch                   Fire           20%        2d5       58%         2
 Sublimation of Blood     Necr           10%        N/A       58%         2
 Wereblood                Tmut           10%        N/A       58%         2
 Summon Hydra             Summ           32%        N/A       65%         7
 Freezing Cloud           Conj/Ice/Air   19%        6-21      67%         5
 Vampiric Draining        Necr           10%        2d6       83%         3
 Arcjolt                  Conj/Air       15%        1d25      87%         5
 Animate Dead             Necr           10%        N/A       99%         4
 Brom's Barrelling Bould  Conj/Erth      10%        2d3       99%         4
 Flame Wave               Conj/Fire      10%        2d6       99%         4
 Olgreb's Toxic Radiance  Pois           10%        N/A       99%         4
 Petrify                  Tmut/Erth      10%        N/A       99%         4
 Alistair's Intoxication  Tmut/Pois      6%         N/A       100%        5
 Borgnjor's Vile Clutch   Necr/Erth      5%         N/A       100%        5
 Fireball                 Conj/Fire      5%         3d5       100%        5
 Irradiate                Conj/Tmut      5%         3d13      100%        5
 Iskenderun's Battlesphe  Conj           10%        2d6       100%        5
 Bombard                  Conj/Erth      5%         9d2       100%        6
 Conjure Ball Lightning   Conj/Air       15%        3x3d6     100%        6
 Death Channel            Necr           5%         N/A       100%        6
 Eringya's Noxious Bog    Tmut/Pois      5%         4d6       100%        6
 Plasma Beam              Fire/Air       15%        2x1d27    100%        6
 Simulacrum               Ice/Necr       15%        N/A       100%        6
 Starburst                Conj/Fire      5%         6d4       100%        6
 Haunt                    Necr/Summ      21%        N/A       100%        7
 Orb of Destruction       Conj           5%         9d5       100%        7
 Ozocubu's Refrigeration  Ice            25%        4d13      100%        7
 Spellforged Servitor     Conj/Summ      21%        N/A       100%        7
 Discord                  Hex            29%        N/A       100%        8
 Disjunction              Tloc           31%        N/A       100%        8
 Infestation              Necr           5%         N/A       100%        8
 Lehudib's Crystal Spear  Conj/Erth      5%         10d3      100%        8
 Maxwell's Capacitive Co  Air            25%        ∞         100%        8
 Dragon's Call            Summ           32%        N/A       100%        9


Dungeon Overview and Level Annotations

Branches:
Dungeon (15/15)            Temple (1/1) D:6            Lair (5/5) D:8
  Swamp (4/4) Lair:3       Spider (4/4) Lair:3        Slime (5/5) Lair:5
    Orc (2/2) D:10            Elf (3/3) Orc:2        Vaults (5/5) D:14
  Crypt (0/3) Vaults:3     Depths (4/4) D:15            Zot (5/5) Depths:4
  Sewer (visited)           IceCv (visited)         Gauntlet (visited)

Altars:
Ashenzari
Cheibriados
Dithmenos
Elyvilon
Fedhas
Gozag
Hepliaklqana
Kikubaaqudgha
Makhleb
Nemelex Xobeh
Okawaru
Qazlal
Ru
Sif Muna
Trog
Uskayaw
Vehumet
Wu Jian
Xom
Yredelemnul
Zin
The Shining One
Jiyva

Shops:
D:4 *   D:8 [   Orc:1 =[**[   Orc:2 (=**   Elf:1 [   Elf:3 :([   Vaults:1 !
Vaults:2 [   Vaults:3 *   Vaults:4 !   Depths:3 [

Portals:
Hell: Depths:1 Depths:2 Depths:3 Depths:4
Abyss: Depths:1 Depths:2 Depths:3 Depths:4
Pandemonium: Orc:2 Depths:1 Depths:2 Depths:3
Ziggurat: Depths:1

Annotations:
D:9 3 runed translucent doors, nj0rd12's ghost, novice GnFE
Elf:2 2 runed translucent doors
Depths:3 2 transporters


Innate Abilities, Weirdness & Mutations

((You are very nimble when in or above water. (Stealth+, EV+, Speed+++)))
Your lower body shifts to a powerful aquatic tail in water.


Message History

You regained 2 mp, and now have 35/37 mp.
You enter the passage of Golubria.
There is a passage of Golubria here.
Casting: Passage of Golubria (mildly dangerous; 1% risk of failure)
Confirm with . or Enter, or press ? or * to list all spells.
Aiming: Passage of Golubria (mildly dangerous; 1% risk of failure)
Press: ? - help, Dir - move target Creating a passage of Golubria requires sufficient empty space.
MP restored: 37 Your legs become a tail as you enter the water.
The +2 pair of boots of the Blue Moon {*Slow rPois Regen+ Str+2} melds into your body.
You hear a snapping sound.
The +2 pair of boots of the Blue Moon {*Slow rPois Regen+ Str+2} unmelds from your body.
There is a stone staircase leading up here.
You climb upwards.
There is a stone staircase leading down here.
Unknown command.
Unknown command.
Unknown command.
Unknown command.
Aiming: Dig
Press: ? - help, Shift-Dir - straight line A rock wall.
This square is covered in magical glow.
The rock shatters into small pieces.
There is an empty arch of ancient stone here.
Okay, then.
Unknown command.
Annotate which branch? (. - D:1, ? - help, ! - show branch list)
Okay, then.
The flow of time bends around you.
You now have 35/37 mp.
Unknown command.
Okay, then.
Unknown command.
MP restored: 37
There is a staircase leading out of the dungeon here.
Unknown command.
You can't go down here!
You have escaped!

##...#########.##.# ###'########
.......# #.##.# #.........
######.#######.##.# ##########
...............##.# ##
#######.#.).......# #.
...............############ #.
#######.#.#....##..#....#.## #.
#######.#.#.####...........# #.
......#.#...###.@......#..## #.
#####.#.#...#~.............# #.
#####.#.#####..............# ##.
..........# #..............####..
..[...#+#.###................#∩##
######.....##.....#.....8......#
######...#.##..................##
.........#.##.#.................#
#####....#.##..................##


There were no monsters in sight!

Vanquished Creatures
  the Royal Jelly (Slime:5)
  2 dread liches (Zot:5)
  6 ancient liches
  9 orbs of fire
  Frederick (Vaults:5)
  4 Killer Klowns
  A caustic shrike (shapeshifter) (Vaults:5)
  5 caustic shrikes
  A curse toe (Zot:4)
  5 golden dragons
  A pandemonium lord (Zot:5)
  2 bone dragons
  15 tentacled monstrosities
  Rupert (Spider:1)
  2 electric golems (Zot:5)
  Zenata (Vaults:1)
  Jorgrun (Spider:2)
  26 Orb Guardians
  3 liches
  2 deep elf blademasters (Elf:3)
  22 acid blobs
  2 deep elf master archers (Elf:3)
  A walking frostbound tome (Depths:3)
  6 quicksilver dragons
  4 sphinxes
  An Executioner (Depths:3)
  3 titans (Vaults:5)
  An ancient champion (Depths:3)
  7 death cobs
  Kirke (Swamp:1)
  Frances (Swamp:1)
  14 shadow dragons
  A thorn hunter (Swamp:4)
  Aizul (Swamp:2)
  21 storm dragons
  9 fire giants
  7 tengu reavers
  A demonspawn warmonger (Depths:1)
  13 azure jellies
  2 draconian monks
  10 rockslimes
  8 frost giants
  An iron dragon (Depths:4)
  3 draconian scorchers
  4 draconian knights
  9 ghost moths
  Louise (Depths:1)
  11 vault wardens
  7 emperor scorpions
  3 deep elf elementalists (Elf:3)
  3 draconian shifters
  4 deep elf sorcerers
  A cacodemon (D:7)
  12 ironbound preservers
  5 draconian annihilators
  10 quicksilver oozes
  2 caustic shrike skeletons (Depths:2)
  4 spriggan defenders
  10 formless jellyfish
  3 broodmothers
  2 ironbound thunderhulks (Vaults:3)
  A juggernaut skeleton (Depths:2)
  2 reapers
  5 vampire knights
  Azrael (D:13)
  18 stone giants
  19 very ugly things
  12 black draconians
  8 red draconians
  9 white draconians
  4 bunyips
  6 deep elf demonologists
  3 spark wasps
  7 green draconians
  11 purple draconians
  6 yellow draconians
  A minotaur (Gauntlet)
  3 deep elf annihilators
  3 eleionomae
  8 deep elf death magi
  16 ettins
  A blizzard demon (Depths:2)
  A green death (Depths:1)
  6 jiangshi
  An ettin (shapeshifter) (Vaults:5)
  6 fire dragons
  2 shambling mangroves (Swamp:4)
  5 deep elf high priests
  A merfolk impaler (Depths:1)
  13 great orbs of eyes
  15 yaktaur captains
  6 entropy weavers
  4 ice dragons
  4 rakshasas
  A quicksilver dragon skeleton (Depths:2)
  31 vault guards
  23 hydras
  3 spriggan skeletons (Depths:2)
  3 ghost crabs
  2 ogre magi
  11 spriggan air magi
  9 ironbound frosthearts
  2 jorogumos (Spider:3)
  An anaconda (shapeshifter) (Depths:1)
  A catoblepas (D:13)
  14 alligators
  9 centaur warriors
  A demonspawn (Orc:2)
  7 two-headed ogres
  15 dancing weapons
  7 boulder beetles
  4 demonic crawlers
  7 deep troll shamans
  5 tengu warriors
  6 orc high priests (Orc:2)
  2 sphinx skeletons (Depths:2)
  2 vampire magi
  7 death yaks (Lair:5)
  5 deep troll earth magi
  A shock serpent (shapeshifter) (D:14)
  6 spriggan berserkers
  A soul eater (Depths:2)
  3 hell hogs (Zot:1)
  Sonja (D:11)
  12 deep elf knights
  3 iron trolls
  2 sun demons
  A fire crab (Gauntlet)
  6 hell knights
  A quicksilver dragon simulacrum (Zot:4)
  5 sun moths
  17 skeletal warriors
  A storm dragon skeleton (Depths:2)
  Lodul (D:13)
  8 goliath frogs
  An obsidian statue (Zot:5)
  4 pharaoh ants
  2 sixfirhies
  61 deep trolls
  A deep troll (shapeshifter) (Vaults:4)
  A skyshark (Lair:2)
  9 glowing orange brains
  A death drake (Swamp:3)
  A spriggan druid (Swamp:2)
  5 bog bodies
  2 golden dragon skeletons (Depths:2)
  15 orb spiders
  7 wizards
  A steelbarb worm (shapeshifter) (Vaults:5)
  15 ironbound convokers
  9 swamp dragons
  10 deep elf archers
  39 deep elf pyromancers
  3 lindwurms
  3 phantasmal warriors
  Pikel (D:9)
  27 deep elf zephyrmancers
  6 steelbarb worms
  40 ugly things
  7 orc knights
  4 harpies (Vaults:2)
  3 necromancers (Depths:3)
  5 shining eyes
  2 tengu skeletons (Depths:2)
  17 wolf spiders
  A will-o-the-wisp (Swamp:4)
  7 orc sorcerers
  A shadow dragon skeleton (Depths:2)
  4 manticores
  6 cyclopes
  24 moths of wrath
  Joseph (D:7)
  10 black mambas
  An apocalypse crab (Gauntlet)
  23 elephants
  A frost giant skeleton (Depths:2)
  A rust devil (Depths:1)
  2 fire giant skeletons (Depths:2)
  A guardian serpent (Depths:3)
  An iron dragon skeleton (Depths:2)
  15 vault sentinels
  2 torpor snails
  An ice statue (IceCv)
  2 eyes of devastation
  4 gargoyles
  An eye of devastation (shapeshifter) (Depths:3)
  A nameless horror (Elf:2)
  16 cane toads
  2 smoke demons
  2 storm dragon simulacra (Zot:4)
  An orange demon (Orc:2)
  A minotaur zombie (Gauntlet)
  4 rime drakes
  2 unseen horrors
  A kobold demonologist (D:12)
  50 yaktaurs
  2 efreet
  12 komodo dragons
  3 freezing wraiths
  5 tengu conjurers
  3 meliai
  9 trolls
  A hellwing (Depths:2)
  20 hornets
  4 polar bears
  A bloated husk (Swamp:4)
  6 tyrant leeches
  19 tarantellas
  19 blink frogs
  A raiju (shapeshifter) (D:14)
  A hornet (shapeshifter) (D:12)
  A large abomination (Depths:3)
  A wolf spider simulacrum (D:15)
  A draconian simulacrum (Zot:4)
  6 dream sheep
  9 jumping spiders
  78 slime creatures
  6 centaur simulacra
  17 spriggans
  2 air elementals
  14 culicivoras
  8 flying skulls (Depths:2)
  4 vampires
  2 shadows
  3 dire elephant simulacra (IceCv)
  6 water elementals
  7 fire elementals
  5 fire bats (Gauntlet)
  2 humans
  8 wyverns
  3 golden eyes
  A hog (shapeshifter) (D:13)
  51 yaks
  10 wraiths
  5 basilisks
  A chaos spawn (Orc:2)
  18 vampire mosquitoes
  2 neqoxecs
  2 steam dragons
  4 death yak simulacra (IceCv)
  11 swamp worms
  31 redbacks
  A green draconian simulacrum (Zot:4)
  2 harpy simulacra (IceCv)
  6 wargs
  9 water moccasins
  Pargi (Sewer)
  4 acid dragons
  7 hell hounds
  3 glowing shapeshifter skeletons (Depths:2)
  3 floating eyes
  A human skeleton (Depths:2)
  2 sky beasts
  35 orc warriors
  8 swamp drakes (Swamp:4)
  7 black bears
  A meliai simulacrum (D:14)
  4 ice beasts
  15 ogres
  A wolf (shapeshifter) (D:14)
  12 centaurs
  17 wolves
  4 lemures (D:8)
  A phantom (D:6)
  26 bullfrogs
  4 kobold brigands
  3 gnoll sergeants
  2 earth elementals
  A cane toad simulacrum (Gauntlet)
  4 two-headed ogre simulacra (IceCv)
  5 scorpions
  5 wights
  A hornet simulacrum (D:14)
  An elephant simulacrum (IceCv)
  8 killer bees
  8 electric eels
  3 howler monkeys
  3 hounds
  7 jellies
  19 orc priests
  A sleepcap (D:5)
  4 iguanas (D:5)
  16 orc wizards
  6 spriggan simulacra (IceCv)
  3 polar bear simulacra (IceCv)
  6 troll simulacra (IceCv)
  A wolf simulacrum (IceCv)
  8 gnolls
  4 naga simulacra (IceCv)
  A river rat (D:4)
  4 adders
  7 white imps
  3 shadow imps (D:5)
  11 ufetubi
  A worm zombie (D:8)
  A worm (D:5)
  2 dart slugs
  63 orcs
  4 bats
  4 endoplasms
  3 giant cockroaches
  8 goblins
  5 hobgoblins
  2 jackals (D:2)
  7 quokkas
  7 ball pythons
  2 frilled lizards (D:1)
  30 kobolds
  5 rats
  A rat zombie (D:8)
2155 creatures vanquished.

Vanquished Creatures (collateral kills)
  Josephina (Zot:4)
  A caustic shrike (Depths:4)
  A lich (Zot:5)
  2 acid blobs (Slime:5)
  2 azure jellies
  A vault warden (Vaults:5)
  An azure jelly (shapeshifter) (Vaults:5)
  2 rockslimes (Slime:5)
  A draconian scorcher (Zot:4)
  A spriggan defender (Depths:3)
  A demonspawn blood saint (Depths:1)
  2 quicksilver oozes (Slime:5)
  A deep elf annihilator (Elf:3)
  2 vault guards
  A deep troll shaman (Depths:4)
  2 hell knights (Depths:3)
  A skeletal warrior (Depths:2)
  2 slime creatures (Depths:2)
  A deep troll (Depths:2)
  An ironbound convoker (Vaults:5)
  2 ugly things (Depths:2)
  A deep elf zephyrmancer (Elf:3)
  A guardian serpent (Depths:3)
  A frost giant skeleton (Depths:2)
  A torpor snail (shapeshifter) (Depths:4)
  2 large abominations (Depths:3)
  A hornet (Depths:3)
  A spriggan (Depths:3)
  A tengu (shapeshifter) (Vaults:5)
  2 orcs (D:7)
40 creatures vanquished.

Vanquished Creatures (others)
  A formless jellyfish (Slime:2)
  A hell knight (Depths:3)
  A deep elf knight (Elf:2)
  4 bloated husks
  3 humans (Swamp:1)
  A water elemental (Elf:2)
  A water moccasin (D:7)
  A small abomination (Zot:5)
  An orc (Vaults:5)
  2 foxfires (Swamp:4)
  21 snaplasher vines
37 creatures vanquished.

Grand Total: 2232 creatures vanquished

Notes
Turn   | Place    | Note
-------+----------+-------------------------------------------
     0 | D:1      | PaleRider the Merfolk Fighter began the quest for the Orb.
     0 | D:1      | Reached XP level 1. HP: 18/18 MP: 1/1
   202 | D:1      | Reached skill level 3 in Polearms
   293 | D:1      | Reached XP level 2. HP: 24/24 MP: 2/2
   581 | D:1      | Reached skill level 4 in Polearms
   982 | D:2      | Reached XP level 3. HP: 28/29 MP: 3/3
  1920 | D:3      | Reached skill level 5 in Polearms
  2364 | D:3      | Reached XP level 4. HP: 35/35 MP: 4/4
  2588 | D:4      | Noticed a scorpion
  2595 | D:4      | Killed a scorpion
  2596 | D:4      | Reached skill level 6 in Polearms
  2596 | D:4      | Reached XP level 5. HP: 31/41 MP: 5/5
  2758 | D:4      | Reached skill level 7 in Polearms
  2966 | D:4      | Found Dut Ossae's Assorted Antiques.
  2994 | D:4      | Found a glowing drain.
  3014 | D:4      | Reached skill level 8 in Polearms
  3016 | Sewer    | Entered a sewer
  3025 | Sewer    | Noticed Pargi
  3061 | Sewer    | Killed Pargi
  3062 | Sewer    | Reached XP level 6. HP: 47/47 MP: 6/6
  3191 | D:4      | Reached skill level 9 in Polearms
  3560 | D:5      | Entered Level 5 of the Dungeon
  3618 | D:5      | Reached XP level 7. HP: 50/52 MP: 7/7
  3858 | D:5      | Reached skill level 10 in Polearms
  4181 | D:5      | Reached skill level 11 in Polearms
  4496 | D:6      | Found a basalt altar of Yredelemnul.
  4546 | D:6      | Found a staircase to the Ecumenical Temple.
  4559 | D:6      | Reached XP level 8. HP: 58/58 MP: 8/8
  4568 | Temple   | Entered the Ecumenical Temple
  4627 | D:6      | Reached skill level 12 in Polearms
  4885 | D:6      | Reached skill level 13 in Polearms
  5505 | D:7      | Noticed a wraith
  5625 | D:7      | You fall into a shaft and drop 2 floors!
  5645 | D:9      | Noticed a yak
  5662 | D:9      | Noticed a hornet
  5714 | D:8      | Noticed a two-headed ogre
  5719 | D:8      | Noticed a yak
  5719 | D:8      | Noticed a yak
  5719 | D:8      | Noticed a yak
  5719 | D:8      | Noticed a yak
  5881 | D:7      | Killed a wraith
  5882 | D:7      | Reached skill level 14 in Polearms
  5979 | D:7      | Reached XP level 9. HP: 66/66 MP: 9/9
  5985 | D:7      | Noticed Joseph
  6007 | D:7      | Reached skill level 5 in Fighting
  6360 | D:7      | Killed Joseph
  6622 | D:7      | Found a blossoming altar of Fedhas.
  6625 | D:7      | Found a hazy altar of Hepliaklqana.
  7078 | D:7      | Reached skill level 10 in Fighting
  7078 | D:7      | Reached XP level 10. HP: 53/85 MP: 10/10
  7159 | D:8      | Found Daer's Antique Armour Emporium.
  7410 | D:8      | Reached skill level 1 in Dodging
  7601 | D:8      | Found a staircase to the Lair.
  7752 | D:8      | Killed a two-headed ogre
  7787 | D:8      | Reached skill level 5 in Dodging
  7787 | D:8      | Reached skill level 5 in Shields
  8255 | D:9      | Noticed Pikel
  8267 | D:9      | Killed Pikel
  8268 | D:9      | Reached XP level 11. HP: 92/92 MP: 11/11
  8402 | D:8      | Reached skill level 10 in Dodging
  8408 | D:8      | Reached skill level 1 in Stealth
  8471 | D:9      | Found a runed translucent gate.
  8471 | D:9      | Found a runed translucent gate.
  8471 | D:9      | Found a runed translucent gate.
  8503 | D:9      | Noticed nj0rd12's ghost (novice GnFE)
  8797 | D:9      | Found a shadowy altar of Dithmenos.
  8797 | D:9      | Found a burning altar of Makhleb.
  8868 | D:9      | Found a snail-covered altar of Cheibriados.
  8877 | D:9      | Became a worshipper of Cheibriados the Contemplative
  8916 | D:9      | Found an ancient bone altar of Kikubaaqudgha.
  8960 | D:9      | Found a broken altar of Ashenzari.
  8960 | D:9      | Found an iron altar of Okawaru.
  9060 | D:10     | Entered Level 10 of the Dungeon
  9148 | D:10     | Reached skill level 5 in Stealth
  9170 | D:10     | Noticed a boulder beetle
  9179 | D:10     | Found the +8 arc blade {discharge, rElec}
  9211 | D:10     | Reached skill level 15 in Polearms
  9535 | D:10     | Reached * piety under Cheibriados
  9710 | D:10     | Found a staircase to the Orcish Mines.
  9777 | D:10     | Reached ** piety under Cheibriados
  9778 | D:10     | Reached skill level 16 in Polearms
 10171 | D:10     | Identified the amulet "Egouzo Meeti" {RegenMP rPois Str+2}
 10203 | D:10     | Killed a boulder beetle
 10520 | Lair:1   | Entered Level 1 of the Lair of Beasts
 10685 | Lair:1   | Reached skill level 17 in Polearms
 10685 | Lair:1   | Reached XP level 12. HP: 80/99 MP: 12/12
 11118 | Lair:1   | Reached skill level 18 in Polearms
 11311 | Lair:1   | Reached *** piety under Cheibriados
 11982 | Lair:2   | Reached skill level 1 in Invocations
 12091 | Lair:2   | Noticed a skyshark
 12116 | Lair:2   | Killed a skyshark
 12389 | Lair:2   | Reached **** piety under Cheibriados
 12921 | Lair:2   | Reached skill level 5 in Invocations
 13108 | Lair:2   | Reached skill level 5 in Armour
 13407 | Lair:2   | Reached skill level 1 in Throwing
 13542 | Lair:3   | Reached XP level 13. HP: 106/106 MP: 16/16
 13552 | Lair:3   | You fall into a shaft and drop 2 floors!
 13552 | Lair:5   | Entered Level 5 of the Lair of Beasts
 13623 | Lair:5   | Found a gate leading to a gauntlet.
 13631 | Gauntlet | Entered a Gauntlet
 13631 | Gauntlet | Found a transporter.
 13631 | Gauntlet | Found a transporter.
 13631 | Gauntlet | Found a transporter.
 13632 | Gauntlet | Found a transporter.
 13635 | Gauntlet | Found a transporter.
 13635 | Gauntlet | Found a transporter.
 13649 | Gauntlet | Found a transporter.
 13650 | Gauntlet | Found a transporter.
 13665 | Gauntlet | Found a transporter.
 13666 | Gauntlet | Found a transporter.
 13683 | Gauntlet | Found a transporter.
 13687 | Gauntlet | Found a transporter.
 14002 | Gauntlet | Identified the -1 pair of gloves of the Bedazzling Gods
                  | {Str+5}
 14058 | Gauntlet | Reached ***** piety under Cheibriados
 14222 | Gauntlet | Noticed a minotaur
 14237 | Gauntlet | Killed a minotaur
 14288 | Gauntlet | Identified the staff of the Absolute Madman {rPois rCorr
                  | Int+2 Poison}
 14385 | Lair:5   | Reached skill level 5 in Throwing
 14902 | Lair:5   | Found a staircase to the Slime Pits.
 15063 | Lair:5   | Reached XP level 14. HP: 110/118 MP: 16/20
 15643 | Lair:4   | Reached XP level 15. HP: 109/125 MP: 21/21
 15876 | Lair:3   | Found a staircase to the Swamp.
 16114 | Lair:3   | Found a hole to the Spider Nest.
 17542 | Lair:4   | Reached ****** piety under Cheibriados
 17614 | Lair:4   | Found the ring of the Octopus King
 17624 | Lair:4   | Identified a ring of the Octopus King {Fly HP+2 AC+2 EV+2
                  | SH+2}
 17816 | Lair:4   | Reached skill level 15 in Fighting
 18025 | Lair:4   | Reached skill level 10 in Throwing
 18528 | Lair:5   | Reached skill level 19 in Polearms
 19132 | Lair:5   | Identified a scroll of acquirement
 19312 | D:4      | Bought a scroll of acquirement for 780 gold pieces
 19313 | D:4      | Acquired 947 gold pieces
 19315 | D:4      | Acquired the +0 pair of fencer's gloves {Riposte Dex+3}
 19315 | D:4      | Found the +0 pair of fencer's gloves {Riposte Dex+3}
 19484 | Orc:1    | Entered Level 1 of the Orcish Mines
 19498 | Orc:1    | Found a frozen archway.
 19507 | IceCv    | Entered an ice cave
 19843 | IceCv    | Reached skill level 20 in Polearms
 20622 | Orc:1    | Found Kitoz's Armour Shoppe.
 20667 | Orc:1    | Found Faganke's Jewellery Emporium.
 20837 | Orc:1    | Found Virch's General Store.
 20853 | Orc:1    | Found Iziud's General Store.
 20888 | Orc:1    | Found Gufisaix's Armour Shoppe.
 20949 | Orc:2    | Entered Level 2 of the Orcish Mines
 21341 | Orc:2    | Found a staircase to the Elven Halls.
 22052 | Orc:2    | Found Oronazo's General Store.
 22053 | Orc:2    | Found Bimos's General Store.
 22152 | Orc:2    | Reached XP level 16. HP: 93/136 MP: 22/22
 22385 | Orc:2    | Found Voager's Jewellery Boutique.
 22385 | Orc:2    | Found a one-way gate leading to the halls of Pandemonium.
 22385 | Orc:2    | Found Foucu's Antique Weapon Shop.
 22385 | Orc:2    | Paralysed by an orc sorcerer for 4 turns
 22788 | Orc:2    | Bought a scroll of acquirement for 728 gold pieces
 22788 | Orc:2    | Acquired the +4 kite shield of the Nexus {Slay+6 Stlth+}
 22825 | Orc:2    | Bought a sapphire demon trident for 640 gold pieces
 22825 | Orc:2    | Identified the +5 demon trident of Darkness {pain, rPois
                  | Int+2} (You bought it in a shop on level 2 of the Orcish
                  | Mines)
 23029 | D:11     | Noticed Sonja
 23037 | D:11     | Killed Sonja
 24024 | D:12     | Reached skill level 1 in Translocations
 24734 | D:12     | Reached skill level 5 in Translocations
 24737 | D:12     | Learned a level 2 spell: Blink
 24843 | D:12     | Identified the ring "Kouf" {rC+ Will+ Dex+3 SInv}
 25044 | D:12     | Identified the +0 scale mail of Buprinia {rElec rF+ SInv}
 25407 | D:13     | Noticed Lodul
 25423 | D:13     | Killed Lodul
 25515 | D:13     | Noticed Azrael
 25527 | D:13     | Killed Azrael
 26809 | D:14     | Reached XP level 17. HP: 111/142 MP: 23/23
 26928 | D:14     | Reached skill level 10 in Invocations
 27258 | D:14     | Learned a level 3 spell: Frozen Ramparts
 27306 | D:14     | Reached skill level 1 in Ice Magic
 27939 | D:14     | Found a gate to the Vaults.
 27964 | D:15     | Entered Level 15 of the Dungeon
 28019 | D:15     | Found a staircase to the Depths.
 28515 | D:15     | Reached skill level 5 in Ice Magic
 29435 | Swamp:1  | Entered Level 1 of the Swamp
 29594 | Swamp:1  | Noticed Frances
 29605 | Swamp:1  | Killed Frances
 29606 | Swamp:1  | Noticed Kirke
 29609 | Swamp:1  | Noticed a sphinx
 29624 | Swamp:1  | Killed Kirke
 30841 | Swamp:2  | Reached skill level 10 in Ice Magic
 31180 | Swamp:2  | Noticed Aizul
 31201 | Swamp:2  | Killed Aizul
 31883 | Swamp:3  | Reached XP level 18. HP: 137/149 MP: 25/25
 32361 | Swamp:3  | Reached skill level 1 in Summonings
 32583 | Swamp:4  | Entered Level 4 of the Swamp
 33485 | Swamp:4  | Reached skill level 5 in Summonings
 34424 | Swamp:4  | Got a decaying rune of Zot
 35040 | Spider:1 | Entered Level 1 of the Spider Nest
 35486 | Spider:1 | Noticed Rupert
 35496 | Spider:1 | Killed Rupert
 35624 | Spider:1 | Acquired a +0 vampiric demon trident
 35847 | Spider:2 | Noticed Jorgrun
 35960 | Spider:2 | Killed Jorgrun
 35995 | Spider:2 | Reached skill level 10 in Summonings
 36595 | Spider:3 | Learned a level 4 spell: Passage of Golubria
 36969 | Spider:3 | Reached skill level 10 in Translocations
 36969 | Spider:3 | Reached XP level 19. HP: 157/157 MP: 23/26
 37007 | Spider:3 | Reached skill level 1 in Evocations
 37152 | Spider:3 | Identified the +2 leather armour of the Orcish Mines {*Slow
                  | +Inv Int+2}
 37820 | Spider:4 | Entered Level 4 of the Spider Nest
 38139 | Spider:4 | Reached skill level 5 in Evocations
 40145 | Spider:4 | Got a gossamer rune of Zot
 41300 | Elf:1    | Entered Level 1 of the Elven Halls
 41556 | Vaults:1 | Entered Level 1 of the Vaults
 41943 | Vaults:1 | Noticed Zenata
 41962 | Vaults:1 | Killed Zenata
 42054 | Vaults:1 | Found Usuagy's Distillery.
 42177 | Vaults:1 | Paralysed by a great orb of eyes for 3 turns
 43282 | Vaults:2 | Reached XP level 20. HP: 166/166 MP: 27/27
 43306 | Vaults:2 | Found Odeynuat's Antique Armour Emporium.
 43325 | Vaults:2 | Reached skill level 10 in Shields
 45094 | Vaults:3 | Paralysed by a formless jellyfish for 1 turns
 45348 | Vaults:3 | Found Romo Fopp's Assorted Antiques.
 45539 | Vaults:3 | Identified the +7 great mace of Wunegh {antimagic, SInv}
 45606 | Vaults:3 | Found a staircase to the Crypt.
 46813 | Vaults:4 | Identified the amulet "Ethuth" {Spirit *Corrode rPois
                  | Dex+5}
 47075 | Vaults:4 | Found a portal to a secret trove of treasure.
 47229 | Vaults:4 | Reached XP level 21. HP: 182/182 MP: 25/28
 47569 | Vaults:4 | Found Guafen's Distillery.
 48052 | Elf:1    | Found a radiant altar of Vehumet.
 48105 | Elf:1    | Learned a level 5 spell: Summon Forest
 48247 | Elf:1    | Found Wauvynen's Armour Shop.
 48428 | Elf:1    | Found a radiant altar of Vehumet.
 49575 | Elf:2    | Reached skill level 10 in Armour
 49605 | Elf:2    | Found a large runed translucent door.
 49605 | Elf:2    | Found a large runed translucent door.
 49629 | Elf:2    | Found a large runed translucent door.
 49629 | Elf:2    | Found a large runed translucent door.
 49931 | Elf:3    | Entered Level 3 of the Elven Halls
 50016 | Elf:3    | Found Upompec's Antique Armour Shop.
 50034 | Elf:3    | Found Ises's Book Shoppe.
 50378 | Elf:3    | Identified the +0 plate armour of Cheibriados's Outrage
                  | {Harm Regen+ Str+4 Stlth+}
 50378 | Elf:3    | Found the +7 hand cannon "Mule" {flame, backblast, rF+}
 50470 | Elf:3    | Identified the ring "Zalo" {rElec MP+9 AC+4 Int-5 Dex+3}
 50474 | Elf:3    | Identified the staff "Osud" {rElec Dex+2 Earth}
 50484 | Elf:3    | Identified the +3 arbalest "Mownoejo" {flame, rElec rCorr
                  | Str+4}
 50672 | Elf:3    | Found Xahoipi's Weapon Shoppe.
 51279 | Depths:1 | Entered Level 1 of the Depths
 51328 | Depths:1 | Reached XP level 22. HP: 190/190 MP: 29/29
 51396 | Depths:1 | Found a one-way gate to the infinite horrors of the Abyss.
 51399 | Depths:1 | Noticed Louise
 51403 | Depths:1 | Killed Louise
 51523 | Depths:1 | Found a one-way gateway to a ziggurat.
 51767 | Depths:1 | Gained mutation: Your body sometimes deteriorates upon
                  | taking damage. [a neqoxec]
 51865 | Depths:1 | Found a gateway to Hell.
 52349 | Depths:1 | Noticed a caustic shrike
 52358 | Depths:1 | Killed a caustic shrike
 52406 | Depths:1 | Paralysed by a floating eye for 3 turns
 52449 | Depths:1 | Reached skill level 15 in Summonings
 52463 | Depths:1 | Got a grimy book
 53611 | Depths:1 | Upgraded the game from 0.31-a0-844-gdc52ec4e09 to
                  | 0.31-a0-845-g9abc20d24f
 53927 | Depths:2 | Identified the +2 robe "Omol" {Str+5}
 54100 | Depths:2 | Identified the +4 battleaxe of Fundamental Breach {vamp,
                  | rC+}
 54112 | Depths:2 | Found a runed translucent door.
 54315 | Depths:2 | Found a shimmering blue altar of Sif Muna.
 54325 | Depths:2 | Reached skill level 21 in Polearms
 56011 | Depths:3 | Reached XP level 23. HP: 187/196 MP: 30/30
 56016 | Depths:3 | Identified the ring of Hextuf {rN+ Int+4 Stlth+}
 56053 | Depths:3 | You fall into a shaft and drop 1 floor!
 56053 | Depths:4 | Entered Level 4 of the Depths
 56168 | Depths:3 | Found a transporter.
 56318 | Depths:3 | Found a transporter.
 56371 | Depths:3 | Noticed a golden dragon
 56375 | Depths:3 | Killed a golden dragon
 56413 | Depths:3 | Found the ring of the Mage {Wiz Archmagi}
 56579 | Depths:3 | Identified the ring "Weotaf" {rCorr Int+4}
 56697 | Depths:3 | Found Asu Yggi's Antique Armour Emporium.
 56736 | Depths:3 | Identified the ring "Diph" {Will+ Slay+2}
 56780 | Depths:3 | Identified the ring "Wececaeq" {EV+5 Int+3}
 57075 | Depths:4 | Found a gate to the Realm of Zot.
 57211 | Depths:4 | Noticed a caustic shrike
 57212 | Depths:4 | Noticed a caustic shrike
 57214 | Depths:4 | Noticed a caustic shrike
 57219 | Depths:4 | Killed a caustic shrike
 57224 | Depths:4 | Noticed a caustic shrike
 57225 | Depths:4 | Killed a caustic shrike
 57226 | Depths:4 | Killed a caustic shrike
 57235 | Depths:4 | Killed a caustic shrike
 57247 | Depths:4 | Noticed a caustic shrike
 57252 | Depths:4 | Killed a caustic shrike
 58170 | Vaults:5 | Entered Level 5 of the Vaults
 58181 | Vaults:5 | Reached XP level 24. HP: 204/204 MP: 30/30
 58354 | Vaults:5 | Noticed an ancient lich
 58366 | Vaults:5 | Killed an ancient lich
 58398 | Vaults:5 | Identified the +6 flail "Suaneil" {venom, rF++ rN+}
 58410 | Vaults:5 | Got a blackened book
 58411 | Vaults:5 | Identified the +2 dagger "Fimair" {heavy, rPois}
 58442 | Vaults:5 | Reached skill level 1 in Air Magic
 58474 | Vaults:5 | Identified the ring "Wuwuewul" {rF+ rCorr}
 58575 | Vaults:5 | Reached skill level 5 in Air Magic
 58665 | Vaults:5 | Noticed a caustic shrike
 58669 | Vaults:5 | Killed a caustic shrike
 58792 | Vaults:4 | You paid a toll of 6 scrolls of fear to enter a treasure
                  | trove
 58793 | Trove    | Entered a treasure trove
 58796 | Trove    | Found the -2 hat of the Alchemist {rElec rPois rF+ rC+ rN+
                  | Will+ rMut rCorr}
 58798 | Trove    | Identified the scarf "Vyutheb" {repulsion, rN+ Str+4}
 58811 | Trove    | Identified the +1 helmet "Olaaqeta" {rF++ Str+4 Int-3}
 58814 | Trove    | Identified the +0 chain mail of Uqu Wuaq {+Inv rCorr}
 58818 | Trove    | Identified the +7 crystal plate armour of Nositap {+Blink}
 58820 | Trove    | Identified the +0 robe of Ipnui {rN+++ Str-2 Dex-4
                  | Archmagi}
 59091 | Vaults:5 | Identified the +0 plate armour of Stoicism {Dex+6}
 59164 | Vaults:5 | Noticed an ancient lich
 59172 | Vaults:5 | Killed an ancient lich
 59199 | Vaults:5 | Got a silver rune of Zot
 59499 | Vaults:5 | Identified the +5 mace of Vaddakic {flame, Str+3}
 59613 | Vaults:5 | Noticed Frederick
 59995 | Vaults:5 | Killed Frederick
 60015 | Vaults:5 | Reached skill level 10 in Air Magic
 60023 | Vaults:5 | Learned a level 4 spell: Vhi's Electric Charge
 60126 | Vaults:5 | Reached XP level 25. HP: 203/209 MP: 28/30
 61204 | Zot:1    | Entered Level 1 of the Realm of Zot
 61211 | Zot:1    | Reached skill level 1 in Hexes
 61272 | Zot:1    | Reached skill level 5 in Hexes
 63112 | Slime:1  | Entered Level 1 of the Pits of Slime
 63184 | Slime:2  | Paralysed by a formless jellyfish for 1 turns
 63407 | Slime:3  | Reached skill level 10 in Hexes
 63916 | Slime:5  | Entered Level 5 of the Pits of Slime
 64212 | Slime:5  | Found the +3 salamander hide armour {Flames, rFlCloud rF++
                  | rC--}
 64394 | Slime:4  | Gained mutation: You occasionally lose the ability to drink
                  | potions when taking damage. [a shining eye]
 64408 | Slime:4  | Lost mutation: You occasionally lose the ability to drink
                  | potions when taking damage. [potion of mutation]
 64408 | Slime:4  | Lost mutation: Your body sometimes deteriorates upon taking
                  | damage. [potion of mutation]
 64408 | Slime:4  | Gained mutation: You have very sharp teeth. [potion of
                  | mutation]
 64676 | Slime:5  | Found a viscous altar of Jiyva.
 64694 | Slime:5  | Noticed the Royal Jelly
 64702 | Slime:5  | Killed the Royal Jelly
 65028 | Slime:5  | Identified the +0 ring mail "Welypuc" {-Cast Rampage rPois
                  | Stlth+}
 65070 | Slime:5  | Got a slimy rune of Zot
 65098 | Slime:5  | Identified the +7 sling "Nuasumim" {heavy, Str-5 Int+6}
 65099 | Slime:5  | Identified the +2 pair of boots of the Blue Moon {*Slow
                  | rPois Regen+ Str+2}
 65181 | Slime:5  | Identified the +5 ring mail of Commu {-Cast rPois rF-
                  | Will+++}
 65183 | Slime:5  | Identified the ring "Zueb" {Fly MP+9 Int+5}
 65186 | Slime:5  | Identified the +9 halberd of Disaster {freeze, Will+}
 65236 | Slime:5  | Identified the +10 plate armour of Integrity {rC+ rCorr}
 65731 | Depths:2 | Reached XP level 26. HP: 218/218 MP: 30/30
 65761 | Depths:2 | Identified the amulet "Jawae" {Spirit Dex+3}
 65762 | Depths:2 | Identified the +3 dire flail "Cunuon" {heavy, rElec}
 65779 | Depths:2 | Learned a level 5 spell: Summon Mana Viper
 66027 | Zot:3    | Identified the +0 great mace of Magnificence {heavy, rCorr
                  | Dex-3 SInv}
 66542 | Zot:4    | Noticed an orb of fire
 66556 | Zot:4    | Killed an orb of fire
 66693 | Zot:4    | Noticed a Killer Klown
 66723 | Zot:4    | Killed a Killer Klown
 66851 | Zot:4    | Identified the +7 dagger "Todoaluc" {venom, rElec rCorr}
 67209 | Zot:4    | Identified the ring of Faqu {Ice rPois rN+ Will+ Int+2}
 67209 | Zot:4    | Noticed Josephina
 67788 | Orc:1    | Bought a scroll of enchant armour for 105 gold pieces
 67788 | Orc:1    | Bought a scroll of enchant armour for 105 gold pieces
 67823 | Orc:2    | Bought a scroll of enchant armour for 105 gold pieces
 68085 | Vaults:3 | Bought a scroll of enchant armour for 330 gold pieces
 68085 | Vaults:3 | Bought a scroll of enchant weapon for 330 gold pieces
 68632 | Zot:4    | Reached skill level 15 in Armour
 68638 | Zot:4    | Reached skill level 1 in Spellcasting
 68687 | Zot:4    | Killed Josephina
 68894 | Zot:5    | Entered Level 5 of the Realm of Zot
 68913 | Zot:5    | Identified the +7 scimitar "Baluyhy" {heavy, rPois rN+
                  | Dex+3}
 69712 | Zot:5    | Reached skill level 5 in Spellcasting
 69734 | Zot:5    | Noticed an ancient lich
 69743 | Zot:5    | Killed an ancient lich
 69749 | Zot:5    | Noticed an orb of fire
 69750 | Zot:5    | Noticed an ancient lich
 69750 | Zot:5    | Gained mutation: You are vulnerable to cold. (rC-) [an orb
                  | of fire]
 69754 | Zot:5    | Noticed a dread lich
 69774 | Zot:5    | Killed an orb of fire
 69792 | Zot:5    | Noticed an orb of fire
 69794 | Zot:5    | Noticed a Killer Klown
 69802 | Zot:5    | Gained mutation: Your body sometimes deteriorates upon
                  | taking damage. [an orb of fire]
 69806 | Zot:5    | Killed an orb of fire
 69811 | Zot:5    | Noticed a Killer Klown
 69819 | Zot:5    | Killed a Killer Klown
 69820 | Zot:5    | Reached XP level 27. HP: 224/224 MP: 28/32
 69850 | Zot:5    | Killed an ancient lich
 69860 | Zot:5    | Reached skill level 22 in Polearms
 69928 | Zot:5    | Noticed an ancient lich
 69938 | Zot:5    | Killed an ancient lich
 70357 | Zot:5    | Noticed an orb of fire
 70367 | Zot:5    | Killed an orb of fire
 70412 | Zot:5    | Noticed an orb of fire
 70418 | Zot:5    | Noticed an orb of fire
 70422 | Zot:5    | Noticed an orb of fire
 70423 | Zot:5    | Killed an orb of fire
 70423 | Zot:5    | Gained mutation: You sometimes lose your temper in combat.
                  | [an orb of fire]
 70429 | Zot:5    | Noticed an orb of fire
 70430 | Zot:5    | Killed an orb of fire
 70431 | Zot:5    | Reached skill level 23 in Polearms
 70432 | Zot:5    | Gained mutation: You occasionally lose the ability to drink
                  | potions when taking damage. [an orb of fire]
 70434 | Zot:5    | Gained mutation: Your body often deteriorates upon taking
                  | damage. [an orb of fire]
 70435 | Zot:5    | Killed an orb of fire
 70435 | Zot:5    | Noticed an ancient lich
 70438 | Zot:5    | Noticed an orb of fire
 70440 | Zot:5    | Killed an orb of fire
 70448 | Zot:5    | Noticed a dread lich
 70448 | Zot:5    | Killed an orb of fire
 70454 | Zot:5    | Killed an ancient lich
 70465 | Zot:5    | Killed a dread lich
 70472 | Zot:5    | Killed a dread lich
 70473 | Zot:5    | Reached skill level 10 in Spellcasting
 70479 | Zot:5    | Reached skill level 24 in Polearms
 70584 | Zot:5    | Lost mutation: Your body often deteriorates upon taking
                  | damage. [potion of mutation]
 70584 | Zot:5    | Lost mutation: You are vulnerable to cold. (rC-) [potion of
                  | mutation]
 70584 | Zot:5    | Lost mutation: Your body sometimes deteriorates upon taking
                  | damage. [potion of mutation]
 70584 | Zot:5    | Gained mutation: You sometimes lose the ability to drink
                  | potions when taking damage. [potion of mutation]
 70584 | Zot:5    | Gained mutation: You are weak. (Str -2) [potion of
                  | mutation]
 70585 | Zot:5    | Lost mutation: You have very sharp teeth. [potion of
                  | mutation]
 70585 | Zot:5    | Lost mutation: You are weak. (Str -2) [potion of mutation]
 70585 | Zot:5    | Gained mutation: Potions are less effective at restoring
                  | your health. [potion of mutation]
 70586 | Zot:5    | Lost mutation: Potions are less effective at restoring your
                  | health. [potion of mutation]
 70586 | Zot:5    | Lost mutation: You sometimes lose your temper in combat.
                  | [potion of mutation]
 70586 | Zot:5    | Gained mutation: You are partially covered in iridescent
                  | scales. (AC +2) [potion of mutation]
 70587 | Zot:5    | Lost mutation: You are partially covered in iridescent
                  | scales. (AC +2) [potion of mutation]
 70587 | Zot:5    | Lost mutation: You sometimes lose the ability to drink
                  | potions when taking damage. [potion of mutation]
 70587 | Zot:5    | Gained mutation: You have sharp fingernails. [potion of
                  | mutation]
 70588 | Zot:5    | Lost mutation: You have sharp fingernails. [potion of
                  | mutation]
 70588 | Zot:5    | Lost mutation: You occasionally lose the ability to drink
                  | potions when taking damage. [potion of mutation]
 70598 | Zot:5    | Identified the +5 leather armour of the Harp {rC+ Regen+
                  | Dex-2}
 70711 | Zot:5    | Got the Orb of Zot
 70736 | Zot:5    | Noticed Hyrejofe the pandemonium lord
 70748 | Zot:5    | Killed Hyrejofe the pandemonium lord
 71168 | D:7      | Learned a level 1 spell: Apportation
 71285 | D:$      | Escaped with the Orb!

Illustrated notes

Levels and vault maps discovered:
D:1:      nzn_arrival_settlement, layout_basic
D:2:      layout_loops_corners, serial_bayou, serial_bayou_shore_b,
          serial_bayou_pond_a, serial_bayou_lake_a, serial_bayou_shore_b
D:3:      layout_loops_ring
D:4:      layout_cave_pools, serial_forest, infiniplex_forest_corner_1,
          infiniplex_forest_straight_2, infiniplex_forest_clump_curved,
          infiniplex_forest_corner_1, infiniplex_forest_join,
          infiniplex_forest_end_double, infiniplex_forest_clump_tiny,
          cheibrodos_sewer_entry_sluice, serial_shops,
          nicolae_shop_behind_doors, grunt_decor_junction
D:5:      layout_loops_ring
D:6:      layout_basic, mainiacjoe_overflow_alcove_1,
          minmay_temple_entry_statues_fountains, minmay_misc_feat_nine_boxes,
          supply_closet_lemuel, wad_floor_pattern_untrapped
D:7:      layout_rooms, mainiacjoe_overflow_divided_tiny, uniq_joseph
D:8:      layout_cave_pools, due_lair_maze_entry_diamond, serial_shops,
          nicolae_shop_waterfront, enter_ossuary_3
D:9:      layout_big_octagon, mainiacjoe_overflow_alcove_3,
          nicolae_kikubaaqudgha_miasma_corner, kennysheep_slug_shrine,
          gammafunk_ghost_icy, uniq_pikel
D:10:     layout_loops_corners, erik_orc_3, minmay_mirror_moons_of_madness
D:11:     layout_roguey, serial_ice, serial_ice_b, serial_ice_m, serial_ice_g,
          serial_ice_j, serial_ice_d, serial_ice_a, serial_ice_f, uniq_sonja
D:12:     minmay_spiral_squares, layout_loops_ring
D:13:     layout_stronghold, nicolae_letterblocks [nicolae_letter_subblock,
          nicolae_letter_subblock, nicolae_letter_subblock,
          nicolae_letter_subblock, nicolae_letter_subblock,
          nicolae_letter_subblock, nicolae_letter_subblock,
          nicolae_letter_subblock, nicolae_letter_subblock,
          nicolae_letter_subblock, nicolae_letter_subblock,
          nicolae_letter_subblock, nicolae_letter_subblock,
          nicolae_letter_subblock, nicolae_letter_subblock,
          nicolae_letter_subblock, nicolae_letter_subblock,
          nicolae_letter_subblock, nicolae_letter_subblock,
          nicolae_letter_subblock, nicolae_letter_subblock,
          nicolae_letter_subblock, nicolae_letter_subblock,
          nicolae_letter_subblock, nicolae_letter_subblock], uniq_azrael,
          uniq_lodul
D:14:     layout_rooms, hellmonk_vaults_keyhole, serial_park_square3
          [serial_park_minivault_5x5_6], serial_ice, serial_ice_e, serial_ice_m,
          serial_ice_g, serial_ice_l
D:15:     grunt_enter_depths_giant_problem, layout_gridville
Temple:   nicolae_temple_god_jail
Lair:1:   layout_gridlike, beast_lair_carwin_4, grunt_megastairs_4,
          serial_bayou_shore_b, lemuel_fruit_fields, serial_bayou_shore_a
Lair:2:   layout_cave_shapes, serial_rivers, chequers_serial_rivers_marsh,
          chequers_serial_rivers_large_a, chequers_serial_rivers_micro_b,
          chequers_serial_rivers_small_b, chequers_serial_rivers_small_b,
          grunt_forest_large_clearing_hut
Lair:3:   layout_cave_pods, swamp_mist, spider_nest_entry_web_field
Lair:4:   layout_regular_city, wad_woods_river_01
Lair:5:   minmay_lair_end_frog_pond, layout_cave_pods,
          nicolae_slime_entry_slimehenge, gauntlet_entry_generic
Swamp:1:  layout_falls_marsh, evilmike_swamp_ruin_house_3, uniq_kirke,
          uniq_frances
Swamp:2:  layout_basic_swamp, nicolae_swamp_decorative_isthmus, swamp_pool4,
          hangedman_swamp_grove, uniq_aizul
Swamp:3:  layout_basic_swamp, serial_swamp_ruin, evilmike_swamp_ruin_house_4,
          evilmike_swamp_ruin_house_2, evilmike_swamp_ruin_rubble_1,
          infiniplex_staircase_pool
Swamp:4:  swamp_basic_johnstein, layout_basic_swamp, infiniplex_staircase_pool_2
Spider:1: layout_spider_delve, uniq_rupert
Spider:2: layout_spider_delve, uniq_jorgrun
Spider:3: layout_cave_pods, nicolae_spider_orb_run
Spider:4: guppyfry_spider_rune
Slime:1:  layout_caves
Slime:2:  layout_caves
Slime:3:  layout_caves, nicolae_slime_welcoming_committee
Slime:4:  layout_caves
Slime:5:  slime_pit_nicolae_jellycorners
Orc:1:    layout_diamond_mine, serial_shops, nicolae_shop_advertising_works
          [nicolae_subvault_shop_adworks], shop, shop, shop,
          nicolae_shop_window_shopping, portal_ice_cave_entry_pillars_1,
          basic_altar
Orc:2:    pf_orc_diabolical, layout_caves
Elf:1:    eino_elf_arrival_altar, layout_gridlike, basic_altar, serial_shops,
          nicolae_shop_getting_attention, hangedman_elf_represent
Elf:2:    elven_hall_of_blades_hangedman_alternative
          [nicolae_blade_entry_splitting_headache], layout_geoelf_grid
Elf:3:    grunt_elf_hall_branching, layout_geoelf_diagonals, serial_shops, shop,
          shop, minmay_shop_star
Vaults:1: vaults_mumra_lcd, nicolae_vaults_mini_display_case, vaults_dpeg_ring,
          v_misc_15, v_misc_23, ontoclasm_vaults_fault,
          nicolae_vaults_tetromino_Z_2, nicolae_vaults_apartment_1, v_pattern_1,
          nicolae_vaults_sightless_eye, layout_vaults_quadrants, serial_shops,
          shop, uniq_zenata
Vaults:2: nicolae_vaults_rhombus_7, v_misc_8, nicolae_vaults_apartment_1,
          hangedman_vaults_locks, grunt_vaults_trifunnel, vaults_room_hallway,
          nicolae_vaults_surprise_closet, vaults_room_door_hall,
          nicolae_vaults_apartment_2, grunt_vaults_twisty,
          nicolae_vaults_trapezoid_2, layout_vaults_chaotic_city, serial_shops,
          shop_statue
Vaults:3: v_misc_25, nicolae_vaults_double_plus_1,
          nicolae_vaults_steering_wheel, nicolae_vaults_frosty_reception,
          v_rooms_4, nicolae_vaults_sealed_display,
          nicolae_vaults_offset_grid_hallway_1,
          minmay_crypt_entry_simple_statues, ontoclasm_vaults_claustrophobia,
          nicolae_vaults_back_hallway, v_pattern_3, vaults_room_semicircle,
          nicolae_vaults_weapon_check, layout_vaults_ring, serial_shops,
          nicolae_shop_just_a_little_nook
Vaults:4: nicolae_vaults_display_case, ontoclasm_vaults_shuriken, v_misc_12,
          grunt_vaults_bifocal, v_misc_25, vaults_room_octagon,
          vaults_standard_mumra_enter_the_diamond, nicolae_vaults_rhombus_5,
          nicolae_vaults_tangram_1, layout_vaults_big_cross,
          nicolae_trove_entry_isolated, serial_shops, nicolae_diamond_shop
Vaults:5: uniq_frederick
Depths:1: layout_cave_pools, enter_ziggurat_b, rand_demon_pan_entry_5,
          hell_entry, nicolae_abyss_entry_one_way_or_another,
          minmay_the_grid_2x2 [minmay_the_grid_rooms, minmay_the_grid_eight,
          minmay_the_grid_dragon_b, minmay_the_grid_prize_shrinking_boxes]
Depths:2: minmay_skeleton_keep, layout_basic, nicolae_sif_muna_condensation,
          abyss_entry, rand_demon_pan_entry_7, hell_entry, minmay_acid_items,
          infiniplex_staircase_zigzag_3
Depths:3: hangedman_spin_cycle, hell_entry, pan_entry, abyss_entry
Depths:4: evilmike_zot_entry_basic, layout_honeycomb, hell_entry, abyss_entry,
          roderic_lattice_octagonal_star
Zot:1:    layout_misc_corridors, grunt_ministairs_14
Zot:2:    layout_basic
Zot:3:    layout_misc_corridors
Zot:4:    layout_gridville, zot_minivault_1, uniq_josephina
Zot:5:    layout_misc_corridors

Skill      XL: |  1  2  3  4  5  6  7  8  9 10 11 12 13 14 15 16 17 18 19 20 21 22 23 24 25 26 27 |
---------------+----------------------------------------------------------------------------------+-----
Polearms       | 3 4 5 6 8 9 11 14 17 18 20 21 24 | 24.6
Fighting       | 4 10 11 13 15 16 19 20 | 20.0
Dodging        | 9 10 13 | 13.9
Shields        | 5 8 9 12 | 12.0
Stealth        | 5 6 |  6.9
Invocations    | 5 9 10 | 10.6
Armour         | 5 7 8 10 11 12 15 | 15.0
Throwing       | 1 7 10 | 10.0
Translocations | 8 10 11 14 | 14.3
Ice Magic      | 10 | 10.0
Summonings     | 10 12 15 | 15.0
Evocations     | 9 |  9.1
Air Magic      | 10 | 10.0
Hexes          | 12 | 12.7
Spellcasting   | 6 10 | 10.0

Action                     |  1- 3 |  4- 6 |  7- 9 | 10-12 | 13-15 | 16-18 | 19-21 | 22-24 | 25-27 || total
---------------------------+-------+-------+-------+-------+-------+-------+-------+-------+-------++-------
  Melee: Trident           |   125 |   123 |   335 |   943 |   905 |       |       |       |       ||  2431
         Tailslap          |       |     2 |       |    13 |    18 |       |       |     1 |    28 ||    62
         Halberd           |       |       |       |       |   221 |   965 |       |       |       ||  1186
         Demon trident     |       |       |       |       |       |   188 |  1103 |  1089 |  1073 ||  3453
         Punch             |       |       |       |       |       |     1 |       |       |       ||     1
         Bite              |       |       |       |       |       |       |       |       |   191 ||   191
  Throw: Stone             |     1 |       |     1 |     1 |       |       |       |       |       ||     3
         Dart              |       |       |     2 |     3 |       |    13 |       |       |       ||    18
         Boomerang         |       |       |     5 |    26 |     9 |    38 |    26 |    23 |    48 ||   175
         Throwing net      |       |       |       |       |     2 |     1 |     1 |       |       ||     4
         Javelin           |       |       |       |       |     2 |       |     9 |     8 |    19 ||    38
   Cast: Blink             |       |       |       |       |       |     1 |       |       |     5 ||     6
         Frozen Ramparts   |       |       |       |       |       |     7 |    77 |    69 |    33 ||   186
         Passage of Golubr |       |       |       |       |       |     1 |     7 |       |    38 ||    46
         Summon Forest     |       |       |       |       |       |       |     5 |    22 |    25 ||    52
         Vhi's Electric Ch |       |       |       |       |       |       |       |     4 |     1 ||     5
         Summon Mana Viper |       |       |       |       |       |       |       |       |    14 ||    14
         Apportation       |       |       |       |       |       |       |       |       |     1 ||     1
 Invoke: Bend Time         |       |       |       |     7 |     5 |     4 |       |       |     1 ||    17
         Slouch            |       |       |       |       |     3 |    11 |     8 |       |    10 ||    32
         Step From Time    |       |       |       |       |     1 |       |       |       |       ||     1
         Temporal Distorti |       |       |       |       |       |     7 |     6 |       |       ||    13
  Evoke: Wand              |       |       |     3 |       |     8 |     4 |     1 |       |     4 ||    20
         Phantom mirror    |       |       |       |       |       |     1 |       |       |       ||     1
         Lightning rod     |       |       |       |       |       |       |     3 |       |     4 ||     7
    Use: Scroll            |       |     3 |     9 |     6 |    12 |    15 |     6 |     5 |    17 ||    73
         Potion            |       |     4 |     1 |       |     4 |       |       |       |     8 ||    17
   Stab: Sleeping          |       |       |       |     4 |     4 |       |    10 |    12 |       ||    30
         Distracted        |       |       |       |     2 |     8 |     4 |     3 |    17 |    14 ||    48
         Held in net/web   |       |       |       |       |     5 |     3 |       |       |       ||     8
         Invisible         |       |       |       |       |     1 |       |       |       |       ||     1
 Armour: Scale mail        |    53 |    89 |   176 |   279 |   272 |       |       |       |       ||   869
         Plate armour      |       |       |       |       |    74 |   634 |   149 |   212 |    23 ||  1092
         Storm dragon scal |       |       |       |       |       |       |    87 |    92 |       ||   179
         Gold dragon scale |       |       |       |       |       |       |       |       |   409 ||   409
  Dodge: Dodged            |    35 |    37 |    88 |   419 |   795 |  1131 |   369 |   335 |   513 ||  3722
         Repelled          |     1 |     1 |     3 |     2 |     6 |    27 |    17 |    10 |    53 ||   120
  Block: Buckler           |    20 |    22 |    50 |   206 |   324 |       |       |       |       ||   622
         Other             |       |       |       |       |     9 |    56 |       |       |       ||    65
         Kite shield       |       |       |       |       |       |   153 |   875 |   654 |   701 ||  2383
Riposte: Halberd           |       |       |       |       |    30 |   168 |       |       |       ||   198
         Trident           |       |       |       |       |    12 |       |       |       |       ||    12
         Unarmed           |       |       |       |       |     1 |       |       |       |       ||     1
         Demon trident     |       |       |       |       |       |    55 |   304 |   256 |   308 ||   923

Table legend: (Time is in decaauts)
 A = Elapsed time spent in this place.
 B = Non-inter-level travel time spent in this place.
 C = Inter-level travel time spent in this place.
 D = Time resting spent in this place.
 E = Time spent auto-exploring this place.
 F = Levels seen in this place.
 G = Mean time per level.
                   A        B        C        D        E       F      G
               +--------+--------+--------+--------+--------+-----+--------+
         Total | 104329 |  91112 |  13217 |  13313 |  45624 |  57 | 1830.3 |
       Dungeon |  24816 |  19717 |   5099 |   2250 |  12696 |  15 | 1654.4 |
        Temple |      9 |      9 |      0 |      0 |      0 |   1 |    9.0 |
          Lair |  13740 |  12009 |   1731 |   1498 |   6317 |   5 | 2748.0 |
         Swamp |   6653 |   6486 |    167 |   1565 |   3647 |   4 | 1663.2 |
   Spider Nest |   9020 |   8886 |    134 |   1347 |   2867 |   4 | 2255.0 |
    Slime Pits |   2767 |   2683 |     84 |   1035 |    269 |   5 |  553.4 |
  Orcish Mines |   4074 |   3061 |   1013 |    724 |   1317 |   2 | 2037.0 |
   Elven Halls |   5574 |   4924 |    650 |    266 |   2346 |   3 | 1858.0 |
        Vaults |  15086 |  12636 |   2450 |   1689 |   7313 |   5 | 3017.2 |
        Depths |  10865 |   9543 |   1322 |    886 |   4232 |   4 | 2716.2 |
           Zot |   9028 |   8466 |    562 |   1349 |   4052 |   5 | 1805.6 |
         Trove |    142 |    142 |      0 |      0 |      0 |   1 |  142.0 |
         Sewer |    133 |    133 |      0 |      0 |     82 |   1 |  133.0 |
      Ice Cave |   1476 |   1476 |      0 |    479 |    244 |   1 | 1476.0 |
      Gauntlet |    940 |    940 |      0 |    222 |    239 |   1 |  940.0 |
               +--------+--------+--------+--------+--------+-----+--------+

Top non-repeatable levels by time:
Depths:1: 4128 daAuts
Spider:4: 3945 daAuts
  Lair:3: 3364 daAuts
Vaults:2: 3337 daAuts
    D:13: 3308 daAuts
Vaults:5: 3228 daAuts
   Orc:2: 3092 daAuts
  Lair:2: 3004 daAuts
Vaults:1: 2924 daAuts
Vaults:4: 2836 daAuts
  Lair:5: 2832 daAuts
Vaults:3: 2760 daAuts
    D:12: 2665 daAuts
    D:10: 2522 daAuts
  Lair:4: 2511 daAuts
